 Dungeon Crawl Stone Soup version 0.29-a0-11-ga75d3d97ab (webtiles) character file.

Game seed: 3860852482269529089

144 enile the Ducker (level 4, -22/38 HPs)
             Began as a Demigod Wanderer on Jan 28, 2022.
             Killed from afar by an orc (24 damage)
             ... with a bolt of acid
             ... on level 3 of the Dungeon.
             The game lasted 00:07:59 (1941 turns).

enile the Ducker (Demigod Wanderer)                 Turns: 1941, Time: 00:08:00

Health: -22/38     AC:  2    Str: 16    XL:     4   Next: 76%
Magic:  0/9        EV: 13    Int: 17    God:
Gold:   38         SH:  0    Dex: 17    Spells: 6/7 levels left

rFire   . . .      SeeInvis .   h - staff of poison
rCold   . . .      Faith    .   (no shield)
rNeg    . . .      Spirit   +   c - +2 leather armour
rPois   +          Reflect  .   f - +0 helmet
rElec   .          Harm     .   (no cloak)
rCorr   .          Rampage  .   (no gloves)
Will    .....                   (no boots)
Stlth   ++........              e - amulet of guardian spirit
HPRegen 0.12/turn               j - +6 ring of dexterity
MPRegen 0.11/turn               (no ring)

@: corroded
A: high mp 1, forlorn, divine attributes
a: no special abilities


You were on level 3 of the Dungeon.
You visited 1 branch of the dungeon, and saw 3 of its levels.

You collected 38 gold pieces.

Inventory:

Hand Weapons
 a - a +0 club
 i - a +1 hunting sling of freezing
Missiles
 g - 3 poisoned darts
Armour
 c - a +2 leather armour (worn)
 d - a +2 animal skin
 f - a +0 helmet (worn)
 k - a +0 scale mail
Magical Staves
 h - a staff of poison (weapon)
Jewellery
 e - an amulet of guardian spirit (around neck)
 j - a +6 ring of dexterity (left hand)
Scrolls
 l - a scroll of teleportation {unknown}


   Skills:
 - Level 3.0 Fighting
 + Level 1.4 Armour
 - Level 3.6 Dodging
 - Level 2.0 Stealth
 - Level 2.0 Spellcasting
 - Level 2.0 Poison Magic
 - Level 1.8 Evocations


You had 6 spell levels left.
You knew the following spells:

 Your Spells              Type           Power      Damage    Failure   Level
a - Sting                 Tmut/Pois      28%        1d4       16%         1

Your spell library contained the following spells:

 Spells                   Type           Power      Damage    Failure   Level
 Spider Form              Tmut/Pois      7%         N/A       43%         3
 Summon Guardian Golem    Hex/Summ       1%         N/A       56%         3
 Orb of Destruction       Conj           0%         9d5       100%        7
 Spellforged Servitor     Conj/Summ      0%         N/A       100%        7


Dungeon Overview and Level Annotations

Branches:
Dungeon (2/15)


Innate Abilities, Weirdness & Mutations

You have an increased reservoir of magic. (+10% MP)
You shall have no god before yourself.
Your divine heritage dramatically boosts your attributes as you level up.


Message History

You completely miss the hound.
The hound is heavily wounded.
The hound stops to sniff the ground.
The hound closely misses you. The hound bites you.
You miss the hound.
The hound is heavily wounded.
The hound bites you but does no damage.
You closely miss the hound.
The hound is severely wounded.
The hound bites you but does no damage. x2
You completely miss the hound.
The hound is severely wounded.
The hound bites you but does no damage. x2
You barely miss the hound.
The hound is severely wounded.
The hound barely misses you.
An orc comes into view.
It is wielding a +0 club and carrying a wand of acid (10).
The hound bites you but does no damage.
You barely miss the hound.
The hound is almost dead.
You kill the hound!
Your Armour skill increases to level 1!
Found an escape hatch in the ceiling.
The orc shouts!
The orc hits you but does no damage.
You hit the orc.
The orc is moderately wounded.
The orc zaps a wand.
The bolt of acid hits you!!!
Ouch! That really hurt!
* * * LOW HITPOINT WARNING * * *
The acid corrodes you! The orc closely misses you.
You are too injured to fight recklessly!
You are too injured to fight recklessly!
Press: ? - help, v - describe, . - travel The floor.
Press: ? - help, v - describe, . - travel The floor.
The orc zaps a wand.
The bolt of acid hits you!!
Ouch! That really hurt!
You die...

.#.....#.#
##.....## #.###
.........#
##...## #.#
####.##### ##'##
#.# .# #.# #.#
### #.# #.#
...##.## #.#...##
#.##......#
.....#.@.##
#.......########
####.##o>.......
###.##.########
..........#
..#..#..#.##
#..#..#...######
#..#..#..........
..#..#..#.###.###


You could see an orc.

Vanquished Creatures
  A hound (D:3)
  Ijyb (D:3)
  Natasha (D:3)
  Robin (D:3)
  An adder (D:3)
  A dart slug (D:3)
  4 ball pythons (D:1)
  2 endoplasms (D:1)
  8 goblins
  9 hobgoblins
  A quokka (D:2)
  3 bats (D:1)
  4 frilled lizards
  2 kobolds
  8 rats
47 creatures vanquished.

Notes
Turn   | Place    | Note
-------+----------+-------------------------------------------
     0 | D:1      | enile the Demigod Wanderer began the quest for the Orb.
     0 | D:1      | enile set off with the following items: a +0 club, a wand
                  | of flame (6), a +2 leather armour; and the following spell
                  | memorised: Sting; and the following spells available to
                  | memorise: Spider Form
     0 | D:1      | Reached XP level 1. HP: 14/14 MP: 5/5
   169 | D:1      | Reached skill level 1 in Fighting
   340 | D:1      | Reached XP level 2. HP: 23/23 MP: 7/7
  1047 | D:2      | You fall into a shaft and drop 1 floor!
  1127 | D:3      | Reached XP level 3. HP: 25/29 MP: 5/8
  1196 | D:3      | Noticed Ijyb
  1255 | D:3      | Noticed Robin
  1280 | D:3      | Killed Ijyb
  1419 | D:3      | Killed Robin
  1420 | D:3      | Reached XP level 4. HP: 22/37 MP: 9/9
  1667 | D:3      | Noticed Natasha
  1690 | D:3      | Killed Natasha
  1930 | D:3      | Reached skill level 1 in Armour
  1933 | D:3      | HP: 1/38 [orc/bolt of acid (33)]
  1941 | D:3      | Killed from afar by an orc

Illustrated notes

Levels and vault maps discovered:
D:1:      shiori_arrival_maze, layout_rooms, grunt_decor_one_mirror,
          minivault_23, chequers_serial_rivers_micro_a, minmay_cut_off
D:2:      layout_loops_corners, moated_statue, minmay_misc_feat_square
D:3:      layout_loops_corners, minmay_misc_feat_diagonals, bh_walls_and_bars,
          uniq_ijyb, uniq_robin, uniq_natasha

Skill      XL: |  1  2  3  4 |
---------------+-------------+-----
Fighting       | 1 2 3 |  3.0
Spellcasting   | 2 |  2.0
Poison Magic   | 2 |  2.0
Stealth        | 2 |  2.0
Armour         | 1 |  1.4
Dodging        | |  3.6
Evocations     | |  1.8

Action                   |  1- 3 |  4- 6 || total
-------------------------+-------+-------++-------
Melee: Club              |    60 |       ||    60
       Staff             |    53 |    45 ||    98
       Punch             |     3 |     1 ||     4
 Cast: Sting             |    35 |       ||    35
Evoke: Wand              |     8 |     1 ||     9
  Use: Scroll            |     2 |       ||     2
       Potion            |     1 |       ||     1
Armor: Leather armour    |    48 |    15 ||    63
Dodge: Dodged            |   120 |    24 ||   144

Table legend: (Time is in decaauts)
 A = Elapsed time spent in this place.
 B = Non-inter-level travel time spent in this place.
 C = Inter-level travel time spent in this place.
 D = Time resting spent in this place.
 E = Time spent auto-exploring this place.
 F = Levels seen in this place.
 G = Mean time per level.
                   A        B        C        D        E       F      G
               +--------+--------+--------+--------+--------+-----+--------+
         Total |   1978 |   1903 |     75 |      0 |   1389 |   3 |  659.3 |
       Dungeon |   1978 |   1903 |     75 |      0 |   1389 |   3 |  659.3 |
               +--------+--------+--------+--------+--------+-----+--------+

Top non-repeatable levels by time:
     D:1: 976 daAuts
     D:3: 908 daAuts
     D:2: 93 daAuts
